 Dungeon Crawl Stone Soup version 0.21-a0-440-g28109cb (webtiles) character file.

3157 AverageBear the Nimble (level 9, -12/49 HPs)
             Began as a Deep Elf Fighter on Nov 10, 2017.
             Was an Initiate of Ashenzari.
             Mangled by a two-headed ogre
             ... wielding a +0 giant club
              (17 damage)
             ... on level 8 of the Dungeon.
             The game lasted 00:13:42 (8331 turns).

AverageBear the Nimble (Deep Elf Fighter)           Turns: 8331, Time: 00:13:43

Health: -12/49     AC: 15    Str: 16    XL:     9   Next: 62%
Magic:  20/20      EV: 13    Int: 17    God:    Ashenzari [......]
Gold:   400        SH:  9    Dex: 14    Spells: 8/8 levels left

rFire    . . .     SeeInvis +   a - +2 rapier
rCold    + . .     Gourm    .   c - +0 shield
rNeg     . . .     Faith    .   u - +0 scale mail {rC+}
rPois    .         Spirit   .   b - +2 helmet {Int+3} (curse)
rElec    .         Reflect  .   D - +0 cloak
rCorr    .         Harm     .   (no gloves)
MR       .....                  g - +2 pair of boots (curse)
Stlth    ..........             y - amulet of regeneration (curse)
HPRegen  0.56/turn              s - ring of see invisible
MPRegen  0.17/turn              x - ring of magical power

@: no status effects
A: no striking features
a: Curse Item, Renounce Religion


You were on level 8 of the Dungeon.
You worshipped Ashenzari.
Ashenzari was noncommittal.
You were very hungry.

You visited 2 branches of the dungeon, and saw 9 of its levels.
You also visited: Sewer.

You collected 542 gold pieces.
You spent 142 gold pieces at shops.

Inventory:

Hand Weapons
 a - a +2 rapier (weapon)
Armour
 b - a cursed +2 helmet of intelligence (worn)
 c - a +0 shield (worn)
 g - a cursed +2 pair of boots (worn)
 u - a +0 scale mail of cold resistance (worn)
 D - a +0 cloak (worn)
Jewellery
 s - a ring of see invisible (left hand)
 x - a ring of magical power (right hand)
 y - a cursed amulet of regeneration (around neck)
Wands
 B - a wand of polymorph (10/24)
 E - a wand of disintegration (16/24)
Scrolls
 e - 3 scrolls of teleportation
 m - 2 scrolls of identify
 t - 2 scrolls of immolation
 v - a scroll of amnesia
 w - 2 scrolls of magic mapping
 z - 2 scrolls of blinking
Potions
 d - 3 potions of might
 h - 3 potions of heal wounds
 l - a potion of ambrosia
 n - a potion of resistance
 p - 9 potions of flight
 q - 5 potions of curing
 r - a potion of agility
 A - a potion of brilliance
Comestibles
 f - 4 bread rations
 i - 4 fruits
 k - 4 royal jellies
 o - 5 meat rations


   Skills:
 - Level 2.4 Fighting
 + Level 6.3 Short Blades
 - Level 6.4 Armour
 - Level 10.2 Dodging
 - Level 4.5 Shields


You had 8 spell levels left.
You didn't know any spells.

Dungeon Overview and Level Annotations

Branches:
Dungeon (8/15)             Temple (1/1) D:7
   Lair: D:8-11

Altars:
Ashenzari
Cheibriados
Dithmenos
Fedhas
Gozag
Hepliaklqana
Makhleb
Nemelex Xobeh
Okawaru
Ru
Trog
Uskayaw
Vehumet
Wu Jian
Xom
Yredelemnul
Zin
The Shining One

Shops:
D:5 [*

Annotations:
D:2 exclusion: oklob plant


Message History

Press: ? - help, Shift-Dir - straight line, f/p - two-headed ogre
Aim: a two-headed ogre, wielding two giant clubs (heavily wounded, chance to defeat MR: 48%)
The two-headed ogre resists with some effort.
This wand has 17 charges left.
Evoke which item? (* to show all) (? for menu, Esc to quit)
Aiming: Disintegrate
Press: ? - help, Shift-Dir - straight line, f/p - two-headed ogre
Aim: a two-headed ogre, wielding two giant clubs (heavily wounded, chance to defeat MR: 48%)
The two-headed ogre resists with some effort.
This wand has 16 charges left.
You block the two-headed ogre's attack. The two-headed ogre closely misses you.
You hit the two-headed ogre but do no damage.
The two-headed ogre is heavily wounded.
The two-headed ogre hits you with a giant club! x2
The orc warrior hits you from afar with a glaive!!
* * * LOW HITPOINT WARNING * * *
You hit the two-headed ogre.
The two-headed ogre is heavily wounded.
The two-headed ogre hits you with a giant club!
You die...

####.............#
...#.............# .......
...'.............# ..o....
...#.............# .......
...#..........[..# ....O..
##.#.............# .......
##.#.............# .......
...########.#########.......
..>.).........(.@OoZ(.......
..###.#####.#########.......
..# #.#####.# ....... ..#
#.......# ...(... ..#
######### ....... ..#
....... ..### ....... ....#
####### ....#


You could see a two-headed ogre, an orc warrior and a wyvern skeleton.

Vanquished Creatures
  An orc warrior (D:8)
  2 black bears (D:6)
  2 sky beasts
  5 ogres
  A phantom (D:7)
  2 centaurs
  2 big kobolds
  A bullfrog (D:3)
  4 killer bees (D:8)
  8 wights
  2 howler monkeys
  3 crimson imps
  2 quasits
  2 jellies
  2 orc priests
  3 orc wizards
  Crazy Yiuf (D:7)
  A bullfrog skeleton (D:8)
  3 iguanas
  Natasha (thrice) (D:2)
  8 worker ants
  A hound skeleton (D:6)
  A mummy (D:5)
  9 adders
  3 gnolls (D:5)
  2 howler monkey skeletons
  4 river rats (Sewer)
  A shadow imp (D:6)
  An adder skeleton (D:4)
  An adder zombie (D:5)
  6 worms
  4 dart slugs (D:2)
  7 leopard geckos
  20 orcs
  7 ball pythons
  8 bats
  8 giant cockroaches
  4 goblins
  10 hobgoblins
  13 jackals
  5 quokkas
  7 frilled lizards
  2 hobgoblin zombies (D:5)
  89 kobolds
  2 kobold zombies (D:5)
  A quokka skeleton (D:7)
  A quokka zombie (D:7)
  25 rats
300 creatures vanquished.

Notes
Turn   | Place    | Note
-------+----------+-------------------------------------------
     0 | D:1      | AverageBear the Deep Elf Fighter began the quest for the Orb.
     0 | D:1      | Reached XP level 1. HP: 13/13 MP: 3/3
   308 | D:1      | Reached XP level 2. HP: 18/18 MP: 4/4
   954 | D:2      | Reached XP level 3. HP: 20/22 MP: 5/5
   983 | D:2      | Noticed Natasha
   994 | D:2      | Killed Natasha
  1250 | D:2      | Reached XP level 4. HP: 13/27 MP: 6/6
  1655 | D:2      | Found an opulent altar of Gozag.
  1661 | D:2      | Noticed Natasha
  1681 | D:2      | Killed Natasha
  1681 | D:2      | Reached skill level 5 in Short Blades
  1904 | D:2      | Noticed Natasha
  1918 | D:2      | Killed Natasha
  1918 | D:2      | Reached XP level 5. HP: 22/31 MP: 7/7
  2130 | D:2      | Found a blossoming altar of Fedhas.
  2147 | D:2      | Noticed an oklob plant
  2259 | D:3      | Found a hide-covered altar of Uskayaw.
  2262 | D:3      | Noticed a hand axe
  2263 | D:3      | Noticed a hand axe
  2654 | D:3      | Reached XP level 6. HP: 35/36 MP: 8/8
  2934 | D:4      | Reached skill level 1 in Dodging
  3098 | D:4      | Found a sparkling altar of Nemelex Xobeh.
  3153 | D:4      | Reached skill level 2 in Dodging
  3404 | D:4      | Reached skill level 3 in Dodging
  3795 | D:5      | Entered Level 5 of the Dungeon
  3824 | D:5      | Found a glowing drain.
  3849 | Sewer    | Entered a sewer
  4282 | Sewer    | Reached skill level 4 in Dodging
  4546 | D:5      | Found Gefux's Antique Armour Boutique.
  4565 | D:5      | Reached XP level 7. HP: 36/40 MP: 9/9
  4587 | D:5      | Found Zah Eseno's Assorted Antiques.
  4590 | D:5      | Bought a scroll of identify for 58 gold pieces
  4590 | D:5      | Bought 2 scrolls labeled ZUUDDO WAJIHOR for 58 gold pieces
  4590 | D:5      | Bought a fizzy brown potion for 26 gold pieces
  4668 | D:5      | Reached skill level 5 in Dodging
  4822 | D:5      | Reached skill level 6 in Dodging
  4880 | D:5      | Found an ornate altar of the Wu Jian Council.
  4982 | D:5      | Found an iron altar of Okawaru.
  5397 | D:5      | Reached skill level 7 in Dodging
  5746 | D:6      | Reached skill level 8 in Dodging
  5757 | D:5      | Reached XP level 8. HP: 39/45 MP: 10/10
  5856 | D:5      | Reached skill level 9 in Dodging
  6029 | D:6      | Found a bloodstained altar of Trog.
  6031 | D:6      | Found a hazy altar of Hepliaklqana.
  6042 | D:6      | Reached skill level 10 in Dodging
  6246 | D:6      | Found a shadowy altar of Dithmenos.
  6500 | D:7      | Found a staircase to the Ecumenical Temple.
  6670 | D:7      | Found a runed door.
  6675 | D:7      | Noticed Crazy Yiuf
  6681 | D:7      | Killed Crazy Yiuf
  6997 | D:8      | Reached XP level 9. HP: 49/49 MP: 11/11
  7022 | Temple   | Entered the Ecumenical Temple
  7174 | Temple   | Became a worshipper of Ashenzari the Shackled
  7390 | D:8      | Reached skill level 5 in Armour
  8210 | D:8      | Found a hazy altar of Hepliaklqana.
  8316 | D:8      | Noticed a two-headed ogre
  8331 | D:8      | Mangled by a two-headed ogre

Vault maps used:
D:1:      dpeg_arrival_rooms_c
D:2:      nicolae_gozag_cash_rules_everything_around_me, tgw_fedhas,
          serial_aquarium, aquarium_bridge_square, aquarium_window_corner,
          aquarium_window_fake, aquarium_view_2c, aquarium_view_2d,
          minmay_pentomino_w4, uniq_natasha
D:3:      dancing_weapons_uskayaw, first_bread
D:4:      overflow_temple_1_default, serial_glass, glass_columns_a,
          glass_columns_a, glass_columns_c, glass_columns_c, glass_columns_a,
          glass_columns_c, glass_columns_c, glass_columns_c, glass_columns_a,
          glass_columns_a
D:5:      minmay_goblin_kobold_castle, okawaru_ov_weapons_minmay,
          lemuel_coloured_pillars_altar, gup_sewer_entry_pipe, serial_shops,
          kennysheep_mini_moat, nicolae_shop_behind_doors, minmay_mini_ossuary
D:6:      trog_ov_bears_minmay, basic_altar, minmay_misc_feat_chi,
          nicolae_dithmenos_through_a_glass_darkly, uniq_menkaure
D:7:      minmay_temple_entry_large_hall, item_on_display_a,
          uniq_crazy_yiuf_cottage
D:8:      lemuel_crystal_altar
Temple:   minmay_temple_curvy_branch
Sewer:    sewer_minmay_treatment

Skill      XL: |  1  2  3  4  5  6  7  8  9 |
---------------+----------------------------+-----
Short Blades   | 3 4 5 6 |  6.3
Dodging        | 4 8 10 | 10.2
Armour         | 4 6 |  6.4
Shields        | 4 |  4.5
Fighting       | |  2.4

Action                   |  1- 3 |  4- 6 |  7- 9 || total
-------------------------+-------+-------+-------++-------
Melee: Rapier            |   128 |   430 |   870 ||  1428
Invok: Curse Item        |       |       |     3 ||     3
Evoke: Wand              |       |       |     6 ||     6
  Use: Scroll            |     2 |    13 |    11 ||    26
       Potion            |       |     4 |     7 ||    11
  Eat: Chunk             |     1 |    11 |    13 ||    25
Armor: Scale mail        |    55 |   296 |   343 ||   694
       Skin              |       |       |    11 ||    11
Dodge: Dodged            |    26 |   171 |   402 ||   599
Block: Shield            |    67 |   270 |   399 ||   736

Table legend:
 A = Spawn XP
 B = Non-spawn XP
 C = Spawn XP percentage of total XP
 D = Spawn monster count
 E = Non-spawn monster count
 F = Spawn count percentage of total count
 G = Total turns spent on level
                    A         B        C        D         E        F      G
               +---------+---------+-------+---------+---------+-------+---------
         Total |       0 |    4511 |   0.0 |       0 |     300 |   0.0 |  8331
               +---------+---------+-------+---------+---------+-------+---------
           D:1 |       0 |      34 |   0.0 |       0 |      20 |   0.0 |   851
           D:2 |       0 |     211 |   0.0 |       0 |      28 |   0.0 |  1351
           D:3 |       0 |     147 |   0.0 |       0 |      22 |   0.0 |   678
           D:4 |       0 |     137 |   0.0 |       0 |      11 |   0.0 |   915
           D:5 |       0 |    1002 |   0.0 |       0 |      97 |   0.0 |  1482
           D:6 |       0 |     794 |   0.0 |       0 |      18 |   0.0 |   538
           D:7 |       0 |     400 |   0.0 |       0 |      12 |   0.0 |   702
           D:8 |       0 |    1681 |   0.0 |       0 |      44 |   0.0 |  1014
         Sewer |       0 |     105 |   0.0 |       0 |      48 |   0.0 |   617
               +---------+---------+-------+---------+---------+-------+---------
